AoeStats
← CaP

Arena

504359902Analyzed
4v4 RM · 28d ago on Sep 5, 2026· 50m 28s· 8 players
Game mode
Random Map
Map size
Large (8 player)
Population
200
Speed
Normal
Resources
Standard
Victory
Conquest
Starting age
Dark Age
Ending age
Imperial Age
RankedLock teamsTeams togetherTeam positionsShared explorationLock speedFull tech treeHidden civsTurbo modeCheats
Victory
Defeat
🇮🇳 Vietnamese · India
1524
+12
🇦🇷 Saracens · Argentina
1390
+25
🇲🇽 Tatars · Mexico
1380
+18
🇨🇦 Khmer · Canada
1281
+21
🇦🇷 Cumans · Argentina
1514
-21
🇦🇷 Japanese · Argentina
1436
-18
🇹🇼 Poles · Taiwan
1393
-16
🇦🇷 Chinese · Argentina
1353
-14
Garyy-__-1
11:36 Feudal Age
15:19 Castle Age
13:16 Double-Bit Axe
16:24 Bow Saw
23:18 Wheelbarrow
24:51 Hand Cart
25:46 Loom
28:32 Imperial Age
25:49 Horse Collar
26:59 Heavy Plow
26:50 Gold Mining
27:33 Scale Barding Armor
28:37 Gold Shaft Mining
27:53 Stone Mining
28:06 Husbandry
28:44 Forging
29:40 Conscription
30:16 Iron Casting
31:11 Bloodlines
32:08 Blast Furnace
33:37 Chain Barding Armor
35:08 Plate Barding Armor
33:59 Elite Mameluke
35:59 Coinage
36:01 Fortified Wall
36:59 Siege Engineers
37:20 Fletching
40:00 Banking
42:08 Chemistry
41:29 Ballistics
42:02 Bodkin Arrow
42:54 Bracer
42:54 Padded Archer Armor
43:21 Masonry
43:44 Counterweights
46:31 Leather Archer Armor
45:38 Elite Skirmisher
46:24 Thumb Ring
46:25 Crossbowman
49:06 Ring Archer Armor
47:58 Arbalester
a7xbast
3:32 Loom
11:00 Feudal Age
14:35 Castle Age
13:56 Double-Bit Axe
24:49 Wheelbarrow
25:20 Gold Mining
29:35 Imperial Age
27:45 Gold Shaft Mining
31:54 Bloodlines
31:45 Husbandry
31:37 Horse Collar
32:13 Bow Saw
32:41 Stone Mining
32:51 Elite Battle Elephant
34:25 Scale Barding Armor
34:30 Forging
35:42 Chain Barding Armor
37:02 Iron Casting
38:15 Plate Barding Armor
38:29 Hand Cart
46:34 Light Cavalry
49:41 Hussar
CaP
10:56 Feudal Age
15:11 Castle Age
13:35 Double-Bit Axe
14:02 Horse Collar
16:20 Bow Saw
16:47 Wheelbarrow
21:23 Hand Cart
20:55 Loom
24:41 Fletching
28:17 Imperial Age
26:35 Scale Mail Armor
26:45 Forging
26:35 Pikeman
27:15 Squires
29:28 Bodkin Arrow
29:48 Halberdier
32:35 Chain Mail Armor
33:47 Bracer
35:02 Padded Archer Armor
35:33 Plate Mail Armor
37:10 Ballistics
37:50 Chemistry
36:53 Heavy Cavalry Archer
37:39 Thumb Ring
37:51 Leather Archer Armor
44:45 Bloodlines
44:37 Husbandry
45:08 Ring Archer Armor
46:29 Iron Casting
47:37 Caravan
47:23 Elite Rattan Archer
50:12 Elite Skirmisher
kazumakine
11:12 Feudal Age
15:33 Castle Age
13:59 Double-Bit Axe
14:05 Horse Collar
16:29 Bow Saw
17:20 Loom
19:03 Wheelbarrow
18:31 Heavy Plow
18:39 Town Watch
20:33 Gold Mining
23:38 Fletching
23:53 Murder Holes
25:51 Bodkin Arrow
30:11 Scale Barding Armor
32:10 Chain Barding Armor
32:22 Forging
35:25 Imperial Age
33:12 Hand Cart
35:00 Gold Shaft Mining
34:17 Stone Mining
35:46 Iron Casting
35:26 Squires
35:19 Pikeman
35:48 Capped Ram
36:37 Halberdier
38:29 Scale Mail Armor
39:30 Blast Furnace
40:48 Blast Furnace
40:24 Plate Barding Armor
40:43 Bracer
41:56 Bloodlines
41:47 Husbandry
41:07 Light Cavalry
45:10 Chemistry
44:31 Ballistics
48:04 Timurid Siegecraft
47:57 Hussar
49:24 Siege Engineers
luch0_ta
12:00 Feudal Age
15:56 Castle Age
14:03 Double-Bit Axe
14:10 Horse Collar
15:48 Wheelbarrow
17:39 Bow Saw
17:30 Heavy Plow
19:02 Gold Mining
22:17 Scale Mail Armor
27:46 Heavy Plow
29:47 Fletching
30:59 Crossbowman
31:48 Padded Archer Armor
36:03 Imperial Age
34:09 Hand Cart
34:45 Gold Shaft Mining
34:40 Bodkin Arrow
36:08 Arbalester
36:54 Thumb Ring
36:51 Bracer
38:12 Loom
38:43 Leather Archer Armor
40:05 Ballistics
41:04 Town Watch
49:12 Two-Man Saw
48:26 Elite Skirmisher
Skavio22
0:26 Loom
10:29 Feudal Age
15:08 Castle Age
13:40 Double-Bit Axe
16:02 Bow Saw
16:53 Horse Collar
23:40 Scale Mail Armor
25:24 Wheelbarrow
24:40 Arson
25:55 Forging
26:25 Fletching
26:28 Gold Mining
26:58 Heavy Plow
27:11 Squires
29:52 Hand Cart
30:47 Gold Shaft Mining
30:31 Stone Mining
34:10 Imperial Age
31:53 Bodkin Arrow
32:27 Padded Archer Armor
32:43 Chain Mail Armor
33:04 Iron Casting
34:23 Stone Shaft Mining
34:44 Iron Casting
34:30 Leather Archer Armor
34:36 Leather Archer Armor
35:16 Ballistics
35:17 Murder Holes
36:06 Elite Fire Lancer
36:48 Bracer
37:22 Plate Mail Armor
36:55 Town Watch
37:28 Capped Ram
40:04 Conscription
43:37 Ring Archer Armor
44:34 Chemistry
45:38 Elite Chu Ko Nu
46:57 Siege Ram
50:22 Bombard Tower
brian1026s
4:43 Loom
11:03 Feudal Age
12:26 Horse Collar
15:22 Castle Age
13:49 Double-Bit Axe
16:53 Stone Mining
17:04 Heavy Plow
19:54 Wheelbarrow
20:00 Gold Mining
21:20 Hand Cart
27:20 Imperial Age
25:07 Szlachta Privileges
26:07 Scale Barding Armor
26:12 Forging
26:57 Bloodlines
27:49 Cavalier
29:22 Scale Mail Armor
29:32 Forging
32:17 Chain Mail Armor
32:37 Iron Casting
32:23 Chain Barding Armor
32:53 Squires
39:05 Blast Furnace
38:36 Plate Mail Armor
39:07 Husbandry
41:03 Conscription
43:31 Chemistry
49:08 Siege Engineers
Sevastokrator
8:50 Feudal Age
10:11 Wheelbarrow
9:45 Double-Bit Axe
11:19 Loom
18:55 Man-at-Arms
22:08 Castle Age
21:37 Horse Collar
22:26 Bloodlines
26:02 Scale Barding Armor
26:08 Forging
27:21 Chain Barding Armor
28:34 Iron Casting
30:46 Imperial Age
28:56 Gold Mining
29:52 Capped Ram
30:47 Town Watch
31:10 Light Cavalry
31:12 Cavalier
32:38 Plate Barding Armor
32:34 Stone Mining
33:46 Coinage
34:05 Gold Shaft Mining
34:08 Fletching
34:46 Padded Archer Armor
35:49 Blast Furnace
34:29 Paladin
37:12 Bodkin Arrow
37:59 Leather Archer Armor
38:21 Ballistics
37:51 Elite Kipchak
39:10 Conscription
39:33 Ring Archer Armor
39:27 Steppe Husbandry
39:45 Cuman Mercenaries
43:21 Chemistry
46:43 Hand Cart
47:23 Elite Steppe Lancer
48:07 Elite Skirmisher
Connection lost

Rejoining the realm…

Still unreachable

The connection could not be restored.

Session expired

The server has moved on; the page needs a fresh start.